 Dungeon Crawl Stone Soup version 0.28.0-43-g3370ac3207 (webtiles) character file.

Game seed: 13777243037537653761

87 fknight the Chopper (level 4, -3/41 HPs)
             Began as a Hill Orc Monk on Feb 28, 2022.
             Was a Believer of Beogh.
             Killed from afar by an orc wizard (8 damage)
             ... with a magic dart
             ... on level 3 of the Dungeon.
             The game lasted 00:08:22 (2769 turns).

fknight the Chopper (Hill Orc Monk)                 Turns: 2769, Time: 00:08:22

Health: -3/41      AC:  6    Str: 15    XL:     4   Next: 51%
Magic:  4/4        EV:  9    Int: 10    God:    Beogh [**....]
Gold:   77         SH:  8    Dex: 13    Spells: 3/3 levels left

rFire   + . .      SeeInvis .   a - +0 hand axe
rCold   . . .      Faith    .   j - +1 kite shield
rNeg    . . .      Spirit   .   g - +0 ring mail
rPois   .          Reflect  .   (helmet restricted)
rElec   .          Harm     .   (no cloak)
rCorr   .          Rampage  .   m - +0 pair of gloves
Will    .....                   (no boots)
Stlth   +.........              (no amulet)
HPRegen 0.13/turn               (no ring)
MPRegen 0.09/turn               (no ring)

@: no status effects
A: horns 1, fire resistance 1
a: Renounce Religion, Smiting


You were on level 3 of the Dungeon.
You worshipped Beogh.
Beogh was pleased with you.
You visited 1 branch of the dungeon, and saw 3 of its levels.

You collected 77 gold pieces.

Inventory:

Hand Weapons
 a - a +0 hand axe (weapon)
 i - a +0 club
 n - a +2 vampiric dagger
 p - a +0 war axe
Missiles
 d - 55 stones (quivered)
Armour
 b - a +0 robe
 g - a +0 ring mail (worn)
 j - a +1 kite shield (worn)
 m - a +0 pair of gloves (worn)
Scrolls
 l - 2 scrolls of teleportation {unknown}
 q - a scroll of brand weapon {unknown}


   Skills:
 + Level 4.4 Fighting
 + Level 4.8 Axes
 + Level 3.0 Dodging
 + Level 2.3 Stealth


You had 3 spell levels left.
You didn't know any spells.
Your spell library was empty.

Dungeon Overview and Level Annotations

Branches:
Dungeon (3/15)

Altars:

Shops:
D:2 [


Innate Abilities, Weirdness & Mutations

You have a pair of small horns on your head.
Your flesh is heat resistant. (rF+)


Message History

You hear some strange, mumbled words.
A puff of flame appears from out of thin air!
The puff of flame hits you. You resist.
* * * LOW HITPOINT WARNING * * *
You hear some strange, mumbled words.
A puff of flame appears from out of thin air!
The puff of flame misses you.
As you read the scroll labelled VAIGHAFYDE, it crumbles to dust.
It is a scroll of enchant armour.
Your +0 kite shield glows green for a moment.
You hear some strange, mumbled words.
A puff of flame appears from out of thin air!
The puff of flame hits you. You resist.
* * * LOW HITPOINT WARNING * * *
As you read the scroll labelled JYZAONIALU, it crumbles to dust.
Wisps of shadow whirl around you...
It was a scroll of summoning.
You hear some strange, mumbled words.
A puff of flame appears from out of thin air!
The puff of flame hits something!
Reactivating autopickup.
You feel a bit more experienced.
You swap places.
Your kobold hits the orc with a +0 club.
You swap places.
The orc hits your kobold with a +0 whip.
Your kobold dies!
Your kobold's corpse dissolves into shadows!
Your goblin barely misses the orc.
The orc misses your goblin.
Your goblin misses the orc.
The orc hits your goblin with a +0 whip.
Your goblin barely misses the orc.
The orc closely misses your goblin.
Your goblin hits the orc with a +0 dagger.
The orc dies!
Beogh accepts your kill.
You swap places.
A magic dart appears from out of thin air!
Deactivating autopickup; reactivate with Ctrl-A.
The magic dart hits you!
You die...
Beogh appreciates something's killing of a heretic priest.

#.........###.###.####
#.......# #.## ##.# #
#.....# ##.###..# #
#)))# ##.#.#.### ##)##
#....>... #)# #####.###
###{## #.# #######.g..##
#.# ........b@..# #.#
#######...[.##########.#
#..........o.....#
##..o############# #####


You could see a neutral orc priest (wandering), a friendly goblin (summoned) and
a friendly bat (summoned).

Vanquished Creatures
  2 adders (D:2)
  A worm (D:2)
  An orc (D:3)
  10 endoplasms
  2 giant cockroaches
  4 goblins
  8 hobgoblins
  2 jackals (D:2)
  3 kobolds
  A quokka (D:1)
  5 ball pythons
  5 bats
  A frilled lizard (D:1)
  4 rats
49 creatures vanquished.

Vanquished Creatures (collateral kills)
  An orc (D:3)
1 creature vanquished.

Vanquished Creatures (others)
  An orc wizard (D:3)
  2 gnolls (D:3)
  7 orcs (D:3)
  A quokka (D:3)
11 creatures vanquished.

Grand Total: 61 creatures vanquished

Notes
Turn   | Place    | Note
-------+----------+-------------------------------------------
     0 | D:1      | fknight the Hill Orc Monk began the quest for the Orb.
     0 | D:1      | Reached XP level 1. HP: 19/19 MP: 1/1
   453 | D:1      | Reached XP level 2. HP: 24/27 MP: 2/2
  1042 | D:1      | Reached XP level 3. HP: 14/33 MP: 3/3
  2100 | D:2      | Reached XP level 4. HP: 40/40 MP: 4/4
  2417 | D:2      | Found Heufiv's Armour Shoppe.
  2594 | D:3      | Became a worshipper of Beogh the Brigand
  2594 | D:3      | Reached * piety under Beogh
  2594 | D:3      | Reached ** piety under Beogh
  2717 | D:3      | Gained mutation: You have a pair of small horns on your
                  | head. [potion of mutation]
  2717 | D:3      | Gained mutation: Your flesh is heat resistant. (rF+)
                  | [potion of mutation]
  2769 | D:3      | Killed from afar by an orc wizard

Illustrated notes

Levels and vault maps discovered:
D:1:      wander_arrival_peaceful_grave, layout_basic
D:2:      layout_basic, serial_shops, nicolae_diamond_shop,
          kennysheep_generic_room_3
D:3:      layout_loops_corners

Skill      XL: |  1  2  3  4 |
---------------+-------------+-----
Fighting       | 4 |  4.4
Stealth        | 2 |  2.3
Dodging        | 3 |  3.0
Axes           | |  4.8

Action                   |  1- 3 |  4- 6 || total
-------------------------+-------+-------++-------
Melee: Hand axe          |   146 |    37 ||   183
Throw: Stone             |    13 |       ||    13
Invok: Convert to Beogh  |       |     1 ||     1
  Use: Potion            |       |     4 ||     4
       Scroll            |       |     2 ||     2
Armor: Robe              |     5 |       ||     5
       Ring mail         |    40 |    24 ||    64
       Skin              |       |    20 ||    20
Dodge: Dodged            |    98 |    22 ||   120
Block: Kite shield       |    26 |    25 ||    51
